Map: Submarine LE

Players

Couguar

  • Race: Protoss Protoss
  • League: Grandmaster
  • Spawn Location: 5:00

LiquidClem (Clem) - Winner!

  • Race: Terran Terran
  • League: Grandmaster
  • Spawn Location: 11:00

Event: DreamHack SC2 Masters 2020 Fall

VOD

Have the link to the VOD?

Description

Time

  • Played on: Aug. 28, 2020, 12:44 p.m.
  • Length: 12:31

All games in this series

Show
View Real Time Build Order
Export as new Build Order

Couguar Protoss 

Build Orders: 1 Gate Expand, Zealot Archon, Colossus Rush 

Get SALT Encoding   

  12  0:00  Probe  
  13  0:12  Probe  
  14  0:17  Pylon  
  14  0:24  Probe (Chrono Boost)  
  15  0:36  Probe (Chrono Boost)  
  15  0:37  Gateway  
  16  0:43  Assimilator  
  16  0:45  Probe (Chrono Boost)  
  17  0:53  Probe (Chrono Boost)  
  18  1:05  Probe (Chrono Boost)  
  19  1:13  Probe (Chrono Boost)  
  20  1:25  Nexus  
  20  1:32  Cybernetics Core  
  20  1:35  Probe  
  21  1:46  Assimilator  
  21  1:47  Probe  
  21  1:51  Pylon  
  22  1:59  Probe  
  23  2:06  Stalker (Chrono Boost)  
  23  2:11  Pylon  
  23  2:13  Probe  
  26  2:16  Warp Gate  
  26  2:25  Probe  
  26  2:29  Sentry  
  28  2:36  Probe (Chrono Boost)  
  29  2:42  Robotics Facility  
  30  2:44  Probe (Chrono Boost)  
  30  2:47  Probe (Chrono Boost)  
  30  2:51  Probe (Chrono Boost)  
  32  2:54  Shield Battery  
  31  3:12  Probe (Chrono Boost)  
  33  3:15  Probe (Chrono Boost), Gateway  
  33  3:23  Probe (Chrono Boost)  
  33  3:25  Probe (Chrono Boost)  
  35  3:29  Probe, Robotics Bay  
  35  3:30  Observer  
  37  3:36  Gateway  
  38  3:41  Probe (Chrono Boost)  
  38  3:45  Probe (Chrono Boost)  
  38  3:47  Pylon  
  39  3:52  Probe (Chrono Boost)  
  39  3:55  Probe (Chrono Boost)  
  41  3:56  Probe (Chrono Boost)  
  42  4:04  Warp Prism (Chrono Boost), Probe  
  42  4:08  Probe  
  46  4:16  Probe, Assimilator  
  47  4:17  Gravitic Drive  
  47  4:19  Assimilator  
  47  4:20  Observer  
  47  4:22  Probe  
  48  4:29  Colossus (Chrono Boost)  
  48  4:30  Probe  
  49  4:33  Pylon  
  49  4:35  Probe  
  56  4:42  Probe  
  57  4:47  Probe  
  58  4:57  Nexus  
  58  5:01  Twilight Council  
  58  5:04  Observer  
  58  5:10  Probe  
  58  5:13  Colossus (Chrono Boost)  
  59  5:16  Extended Thermal Lance  
  59  5:21  Gateway  
  65  5:26  Pylon  
  65  5:29  Probe  
  65  5:34  Forge  
  66  5:45  Charge  
  66  5:48  Gateway  
  66  5:51  Gateway  
  66  5:58  Colossus (Chrono Boost)  
  66  5:59  Observer  
  72  6:04  Zealot x2  
  72  6:05  Zealot, Protoss Ground Weapons Level 1 (Chrono Boost)  
  78  6:12  Templar Archives  
  78  6:13  Probe, Observer  
  78  6:15  Probe  
  78  6:17  Probe  
  81  6:27  Zealot x3  
  81  6:28  Probe  
  81  6:29  Probe  
  89  6:34  Pylon  
  89  6:44  Immortal  
  93  6:50  Probe  
  93  6:51  Probe  
  93  6:52  Probe  
  94  6:59  Pylon  
  94  7:00  Pylon, Photon Cannon  
  94  7:02  Pylon  
  94  7:05  Photon Cannon  
  94  7:08  High Templar x2  
  94  7:11  High Templar  
  94  7:15  Archon  
  100  7:17  Probe  
  100  7:18  Zealot, High Templar  
  100  7:19  Zealot  
  100  7:22  Archon  
  91  7:37  Zealot x2  
  91  7:41  Zealot x2  
  85  7:49  Probe  
  80  7:54  Stalker x2  
  80  7:56  Probe  
  80  7:57  Probe  
  86  8:01  Probe  
  86  8:03  Zealot  
  86  8:04  Zealot x3  
  86  8:18  Stalker x2  
  86  8:20  Immortal  
  84  8:28  Stalker  
  84  8:29  High Templar x2  
  84  8:30  Zealot  
  92  8:35  Gateway  
  92  8:36  Archon, Gateway  
  92  8:39  Gateway  
  92  8:41  Zealot x2  
  92  8:44  Probe x3  
  97  8:51  Stalker x2  
  95  8:58  Colossus (Chrono Boost)  
  95  8:59  Zealot  
  100  9:06  Zealot  
  100  9:07  Zealot x2  
  99  9:10  Observer  
  99  9:15  Zealot x2, Blink (Chrono Boost)  
  93  9:17  Protoss Ground Weapons Level 2 (Chrono Boost)  
  93  9:19  Probe x3  
  90  9:29  Zealot x2  
  90  9:30  Zealot  
  92  9:34  Zealot  
  94  9:40  Zealot  
  94  9:41  Zealot x2  
  94  9:44  Assimilator  
  100  9:47  Zealot, Colossus (Chrono Boost)  
  107  9:56  Pylon  
  107  9:57  Sentry  
  109  10:00  Zealot x2  
  109  10:01  Zealot x2  
  109  10:05  Assimilator  
  117  10:08  High Templar x2  
  121  10:15  Pylon, Archon  
  121  10:17  Pylon  
  121  10:18  Pylon  
  121  10:20  Zealot  
  122  10:23  Zealot x3  
  122  10:25  Disruptor (Chrono Boost)  
  131  10:32  Stalker  
  131  10:33  Stalker  
  127  10:45  Robotics Facility  
  127  10:52  Stalker  
  127  10:53  Pylon, Disruptor  
  127  10:54  Zealot  
  127  10:56  Probe  
  131  10:57  Probe  
  131  11:02  Stalker x2  
  136  11:12  Nexus  
  134  11:29  Zealot x5, Disruptor  
  129  11:48  Zealot x4  
  129  11:49  Zealot x4  
  93  12:16  Zealot x7  
  84  12:26  Stalker x2  
Show
View Real Time Build Order
Export as new Build Order

LiquidClem Terran - Winner!

Build Orders: Reaper Expand 

Get SALT Encoding   

  12  0:00  SCV  
  13  0:12  SCV  
  14  0:17  Supply Depot  
  14  0:24  SCV  
  15  0:38  SCV  
  15  0:40  Barracks  
  15  0:42  Refinery  
  16  0:50  SCV  
  17  1:02  SCV  
  18  1:14  SCV  
  19  1:26  Reaper  
  19  1:27  Orbital Command  
  20  1:39  Command Center  
  20  1:51  Supply Depot  
  20  1:52  SCV  
  21  1:58  Marine  
  22  2:04  SCV  
  23  2:09  Factory  
  23  2:14  Bunker  
  23  2:16  Marine  
  23  2:21  SCV  
  25  2:32  Refinery  
  25  2:33  SCV  
  25  2:36  Barracks Reactor  
  26  2:45  SCV  
  27  2:53  Orbital Command  
  27  2:57  SCV  
  30  3:00  Starport  
  30  3:03  Factory Tech Lab  
  28  3:09  SCV  
  28  3:12  Marine x2  
  28  3:13  Supply Depot  
  28  3:18  SCV  
  31  3:21  SCV  
  32  3:30  SCV, Marine x2  
  32  3:31  Supply Depot, Factory Tech Lab  
  32  3:33  SCV  
  36  3:43  SCV  
  36  3:44  Raven  
  36  3:46  Barracks  
  36  3:47  SCV  
  40  3:48  Marine x2  
  40  3:53  Barracks  
  42  3:56  SCV  
  42  3:59  SCV  
  44  4:06  Marine x2  
  44  4:07  Siege Tank  
  44  4:08  SCV  
  50  4:12  SCV, Refinery  
  50  4:15  Engineering Bay  
  51  4:23  SCV  
  51  4:24  SCV, Marine x2  
  52  4:25  Supply Depot  
  55  4:35  SCV  
  55  4:37  SCV, Starport Reactor  
  57  4:42  Marine x2  
  59  4:46  Terran Infantry Weapons Level 1  
  59  4:47  SCV, Marine x2  
  59  4:48  Stimpack  
  59  4:49  SCV  
  63  4:53  Supply Depot  
  63  4:56  Refinery  
  63  4:59  SCV  
  64  5:00  Combat Shield  
  64  5:01  SCV  
  64  5:03  Supply Depot, Factory Tech Lab  
  64  5:05  Marine  
  64  5:06  Marine  
  67  5:09  Marauder  
  67  5:13  Marauder  
  70  5:14  SCV  
  70  5:17  SCV  
  72  5:23  Marine  
  72  5:24  Supply Depot, Marine  
  72  5:27  SCV, Siege Tank  
  78  5:32  Marauder  
  78  5:34  Marauder  
  82  5:38  Viking  
  82  5:42  Marine x2  
  82  5:45  Medivac  
  82  5:49  Supply Depot  
  84  5:54  Marauder  
  86  5:59  Marine  
  86  6:00  Marine  
  86  6:01  SCV, Marauder  
  86  6:02  Siege Tank  
  90  6:05  Supply Depot  
  90  6:13  Command Center  
  90  6:16  Medivac  
  92  6:19  Marauder  
  92  6:21  Marine x2  
  92  6:24  Medivac  
  98  6:28  Supply Depot  
  98  6:30  Marauder  
  98  6:32  Concussive Shells  
  100  6:39  Supply Depot  
  100  6:40  SCV, Marauder  
  100  6:42  Marine x2  
  100  6:44  Siege Tank  
  110  6:54  Medivac, Marauder  
  110  6:59  Supply Depot  
  112  7:01  Barracks  
  112  7:05  Barracks  
  112  7:06  Supply Depot  
  112  7:10  SCV x2  
  112  7:11  Missile Turret  
  112  7:12  Terran Infantry Armor Level 1  
  114  7:17  Marine x2  
  114  7:19  Marauder  
  114  7:21  Marauder  
  120  7:27  Siege Tank  
  123  7:34  SCV  
  123  7:35  Marine x2  
  109  7:40  Marauder  
  109  7:42  Marauder  
  99  7:52  Viking  
  99  7:53  Marine x2  
  99  7:54  Viking  
  99  7:58  Orbital Command  
  103  8:01  Marauder  
  103  8:02  Barracks Reactor, Barracks Tech Lab  
  103  8:04  Marauder  
  102  8:08  SCV  
  102  8:10  Marine  
  102  8:12  Marine  
  104  8:19  SCV  
  99  8:20  Siege Tank  
  99  8:23  Marauder, Marine  
  99  8:25  Marauder  
  105  8:31  Marine x2  
  105  8:37  Viking  
  105  8:39  Viking  
  109  8:41  Marauder  
  109  8:42  Marine x2  
  109  8:44  Marauder  
  109  8:45  SCV  
  109  8:46  SCV, Marauder  
  117  8:50  Marine x2  
  117  8:58  Missile Turret  
  117  8:59  SCV, Refinery  
  117  9:01  Marine  
  121  9:02  Marauder  
  121  9:05  Marauder  
  121  9:06  Marine  
  121  9:08  Marauder  
  118  9:13  Marine x2  
  109  9:17  Siege Tank  
  109  9:18  Viking  
  109  9:19  Marine  
  109  9:24  Marauder, Marine  
  114  9:27  Marauder  
  114  9:29  SCV x3, Marauder  
  121  9:32  Marine  
  121  9:36  Ghost Academy  
  121  9:38  Armory, Engineering Bay  
  122  9:41  SCV x2  
  126  9:45  Marauder  
  126  9:46  Marine x3  
  126  9:51  Medivac x2  
  133  9:55  Siege Tank  
  133  9:57  Marine  
  139  10:03  Supply Depot  
  139  10:05  Missile Turret  
  137  10:07  Ghost  
  137  10:08  Ghost  
  137  10:11  Ghost  
  143  10:14  Marine x2  
  143  10:16  Marine  
  143  10:19  Supply Depot  
  146  10:24  Marine  
  146  10:26  Supply Depot  
  146  10:27  Viking, Medivac  
  151  10:31  Widow Mine  
  151  10:33  Supply Depot  
  151  10:34  SCV x2  
  154  10:36  SCV  
  154  10:39  Marine x2  
  157  10:43  Marine  
  157  10:44  Refinery, Marine  
  159  10:59  Supply Depot, Marine x2  
  159  11:00  Ghost, Marine  
  159  11:02  Marine  
  165  11:12  Command Center  
  165  11:16  Marine  
  165  11:17  Marauder  
  168  11:22  Marine x4  
  172  11:28  Siege Tank  
  172  11:29  Liberator  
  172  11:30  Marauder  
  180  11:36  Marauder  
  180  11:41  Marauder  
  177  11:48  Marine x3  
  177  11:51  Marauder  
  178  11:54  Marine  
  178  11:57  Ghost  
  178  12:00  Widow Mine  
  179  12:02  Marauder  
  179  12:06  Marine x3  

Tags
 
Add a new tag
Caveats
  • Supply blocks, unpowered buildings, or Contaminate may cause inaccurate times.
  • Supply counts are checked every 10 seconds.